 Dungeon Crawl Stone Soup version 0.27-a0-1099-g7f87ac42b0 (webtiles) character file.

Game seed: 17103999470650282177

18673 d3xhu the Carver (level 12, -5/92 HPs)
             Began as a Demonspawn Berserker on Apr 28, 2021.
             Was a High Priest of Trog.
             Slain by a boulder beetle (7 damage)
             ... on level 14 of the Dungeon.
             The game lasted 01:21:01 (16282 turns).

d3xhu the Carver (Demonspawn Berserker)            Turns: 16282, Time: 01:21:01

Health: -5/92      AC: 20    Str: 21    XL:     12   Next: 29%
Magic:  0/12       EV: 15    Int: 14    God:    Trog [*****.]
Gold:   399        SH:  0    Dex:  9    Spells: 11/11 levels left

rFire    x . .     SeeInvis .   g - +2 triple sword
rCold    . . .     Faith    .   (shield currently unavailable)
rNeg     + . .     Spirit   +   u - +6 chain mail of Honu {rElec rPois rF- Int+2}
rPois    +         Reflect  .   m - +2 helmet
rElec    +         Harm     .   (no cloak)
rCorr    .         Rampage  .   (no gloves)
Will     ++...                  (no boots)
Stlth    +.........             x - amulet of guardian spirit
HPRegen  1.25/turn              n - ring of positive energy
MPRegen  0.13/turn              w - ring "Xuukotwu" {Drain EV+4 Int+7 Dex-5}

@: strong-willed, on berserk cooldown, regenerating, slowed, very slow
A: hooves 2, spiny 2, sturdy frame 2, dopey 2, poison resistance
a: Renounce Religion, Berserk, Trog's Hand, Brothers in Arms


You were on level 14 of the Dungeon.
You worshipped Trog.
Trog was extremely pleased with you.
You visited 1 branch of the dungeon, and saw 14 of its levels.

You collected 815 gold pieces.
You spent 416 gold pieces at shops.

Inventory:

Hand Weapons
 g - a +2 triple sword (weapon)
 s - the +7 mace of the Black Skies {vorpal, Will+}
   (You found it on level 4 of the Dungeon)

   It inflicts extra damage upon your enemies.
   It increases your willpower.
 G - a +0 rapier of electrocution
 R - the +6 quarterstaff "Xidateh" {drain, Dex+3}
   (You found it on level 9 of the Dungeon)

   A truly terrible weapon, it drains the life of those it strikes.
   It affects your dexterity (+3).
 U - a +4 great sword
 Z - a +2 dagger of speed
Armour
 m - a +2 helmet (worn)
 u - the +6 chain mail of Honu (worn) {rElec rPois rF- Int+2}
   (You found it on level 5 of the Dungeon)

   It affects your intelligence (+2).
   It makes you vulnerable to fire.
   It insulates you from electricity.
   It protects you from poison.
 B - +0 steam dragon scales
 M - a +1 pair of boots
Jewellery
 h - an amulet of the acrobat
 j - a ring of fire
 n - a ring of positive energy (left hand)
 q - a +6 ring of intelligence
 w - the ring "Xuukotwu" (right hand) {Drain EV+4 Int+7 Dex-5}
   (You bought it in a shop on level 13 of the Dungeon)

   [ring of evasion]

   It affects your evasion (+4).
   It affects your intelligence (+7).
   It affects your dexterity (-5).
   It drains your maximum health when unequipped.
 x - an amulet of guardian spirit (around neck)
 N - a ring of fire
 Y - a ring of poison resistance
Wands
 a - a wand of acid (12)
 P - a wand of paralysis (16)
 W - a wand of iceblast (5)
Scrolls
 b - a scroll of immolation
 c - 3 scrolls of noise
 e - 3 scrolls of brand weapon
 o - 2 scrolls of amnesia
 y - 3 scrolls of enchant armour
 H - 2 scrolls of enchant weapon
 V - 2 scrolls of summoning
 X - 2 scrolls of magic mapping
Potions
 d - a potion of haste {unknown}
 i - 3 potions of mutation
 k - a potion of curing {unknown}
 l - a potion of degeneration {unknown}
 p - 2 potions of resistance {unknown}
 r - 2 potions of flight {unknown}
 t - 3 potions of lignification {unknown}
 D - a potion of magic {unknown}
 I - a potion of brilliance {unknown}
 L - 3 potions of might {unknown}
 Q - 2 potions of attraction {unknown}


   Skills:
 + Level 7.7 Fighting
 * Level 13.3 Long Blades
 * Level 9.7 Armour
 + Level 5.3 Dodging
 + Level 4.0 Stealth


You had 11 spell levels left.
You didn't know any spells.
Your spell library was empty.

Dungeon Overview and Level Annotations

Branches:
Dungeon (14/15)            Temple (0/1) D:5            Lair (0/6) D:8
    Orc (0/2) D:12
 Vaults: D:13-14

Altars:
Ashenzari
Elyvilon
Fedhas
Makhleb
Qazlal
Trog
Wu Jian
Xom
Yredelemnul
Zin
The Shining One

Shops:
D:13 =


Innate Abilities, Weirdness & Mutations

You have hoof-like feet.
You are mostly covered in sharp spines.
Your movements are less encumbered by armour. (ER -4)
You are very dopey. (Int -4)
Your system is resistant to poisons. (rPois)


Message History

The manticore claws you but does no damage.
The centaur warrior is struck by your spines.
The centaur warrior hits you but does no damage.
The centaur warrior kicks you but does no damage.
The manticore bites you!
* * * LOW HITPOINT WARNING * * *
The manticore claws you.
* * * LOW HITPOINT WARNING * * *
The manticore completely misses you.
The centaur warrior is struck by your spines.
The centaur warrior barely misses you.
You riposte.
You closely miss the centaur warrior. Your kick misses the centaur warrior.
The centaur warrior is severely wounded.
The centaur warrior kicks you but does no damage.
You slash the manticore! You kick the manticore.
You kill the manticore!
Trog accepts your kill.
The centaur warrior hits you but does no damage.
The centaur warrior kicks you but does no damage.
The centaur warrior is struck by your spines.
The centaur warrior hits you.
* * * LOW HITPOINT WARNING * * *
The centaur warrior kicks you but does no damage.
You hit the boulder beetle. You kick the boulder beetle!
The boulder beetle is moderately wounded.
The centaur warrior is struck by your spines.
The centaur warrior hits you but does no damage.
The centaur warrior kicks you but does no damage.
The boulder beetle bites you but does no damage.
The centaur warrior is struck by your spines.
The centaur warrior completely misses you.
You riposte.
You slice the centaur warrior!!
You kill the centaur warrior!
Trog accepts your kill. The boulder beetle bites you!
* * * LOW HITPOINT WARNING * * *
It was a potion of mutation.
You feel extremely strange.
You feel stupid. x2; You feel resistant to poisons.
The boulder beetle bites you!
You die...

...#######
#..#.....####
.....#.#.+..######...
................#...
#.#.#...#####.#...
#.[...#....... ...
#.....#..##### .
+.....#....
##..@.#.....
#.)B.##.....# #....#
.....# ....... .....#
#........ #.........
###..###### #..


You could see a boulder beetle.

Vanquished Creatures
  A boulder beetle (D:12)
  5 two-headed ogres
  A centaur warrior (D:14)
  A tengu warrior (D:14)
  A wizard (D:13)
  2 manticores
  3 ugly things (D:13)
  2 cyclopes
  A black mamba (shapeshifter) (D:12)
  A cane toad (shapeshifter) (D:13)
  A gargoyle (D:11)
  A kobold demonologist (D:12)
  3 trolls
  3 slime creatures (D:12)
  2 shadows
  A wraith (D:8)
  Eustachio (D:5)
  5 yaks (D:10)
  4 wyverns
  A steam dragon (D:7)
  A basilisk (D:12)
  A human (shapeshifter) (D:13)
  2 vampire mosquitoes (D:13)
  An acid dragon (D:9)
  A water moccasin (D:9)
  A hornet zombie (D:7)
  A sky beast (D:8)
  A black bear (D:6)
  3 orc warriors
  2 ice beasts
  2 wolves (D:8)
  6 ogres
  3 centaurs
  2 bullfrogs
  A kobold brigand (D:9)
  Blork the orc (D:5)
  2 scorpions
  A gnoll sergeant (D:5)
  A wyvern zombie (D:7)
  2 water moccasin zombies
  3 killer bees
  12 wights
  A howler monkey (D:6)
  6 electric eels
  9 centaur zombies
  2 bullfrog skeletons
  A jelly (D:6)
  2 centaur skeletons
  2 gnoll shamans
  10 orc priests
  10 hounds
  3 iguanas
  13 orc wizards
  A hound skeleton (D:5)
  Robin (D:3)
  4 howler monkey zombies
  A howler monkey skeleton (D:3)
  5 adders
  10 gnolls
  A shadow imp (D:8)
  A white imp (D:7)
  An adder skeleton (D:5)
  3 worms
  3 dart slugs
  57 orcs
  6 bats
  5 endoplasms
  4 giant cockroaches
  19 goblins
  11 hobgoblins
  3 quokkas (D:1)
  6 ball pythons
  3 frilled lizards (D:3)
  7 kobolds
  7 rats
308 creatures vanquished.

Vanquished Creatures (others)
  An iguana (D:7)
  An orc (D:8)
  9 plants (D:10)
11 creatures vanquished.

Grand Total: 319 creatures vanquished

Notes
Turn   | Place    | Note
-------+----------+-------------------------------------------
     0 | D:1      | d3xhu the Demonspawn Berserker began the quest for the Orb.
     0 | D:1      | Reached XP level 1. HP: 18/18 MP: 1/1
   137 | D:1      | HP: 1/27 [hobgoblin (1)]
   182 | D:1      | Gained mutation: You are partially covered in sharp spines.
                  | [demonic ancestry]
   182 | D:1      | Reached XP level 2. HP: 3/24 MP: 2/2
   719 | D:1      | Reached skill level 3 in Long Blades
  1040 | D:1      | Found a faded altar of an unknown god.
  1410 | D:2      | Gained mutation: You have large cloven feet. [demonic
                  | ancestry]
  1410 | D:2      | Reached XP level 3. HP: 21/29 MP: 3/3
  1620 | D:2      | Reached ** piety under Trog
  2416 | D:3      | Noticed an ogre
  2422 | D:3      | Killed an ogre
  2423 | D:3      | Reached skill level 4 in Long Blades
  2423 | D:3      | Reached skill level 1 in Stealth
  2423 | D:3      | Gained mutation: Your movements are slightly less
                  | encumbered by armour. (ER -2) [demonic ancestry]
  2423 | D:3      | Reached XP level 4. HP: 37/37 MP: 4/4
  2423 | D:3      | Gained mutation: You are mostly covered in sharp spines.
                  | [demonic ancestry]
  2423 | D:3      | Reached XP level 5. HP: 42/42 MP: 5/5
  2932 | D:3      | Noticed Robin
  2941 | D:3      | Killed Robin
  3359 | D:4      | Reached *** piety under Trog
  3423 | D:4      | Gained mutation: Your movements are less encumbered by
                  | armour. (ER -4) [demonic ancestry]
  3423 | D:4      | Reached XP level 6. HP: 44/48 MP: 6/6
  3818 | D:4      | Identified the +7 mace of the Black Skies {vorpal, Will+}
  4095 | D:5      | Entered Level 5 of the Dungeon
  4156 | D:5      | Reached skill level 5 in Long Blades
  4291 | D:5      | Reached XP level 7. HP: 48/55 MP: 7/7
  4627 | D:5      | Identified the +6 chain mail of Honu {rElec rPois rF-
                  | Int+2}
  4628 | D:5      | Found a staircase to the Ecumenical Temple.
  4917 | D:5      | Reached skill level 6 in Long Blades
  4978 | D:5      | Gained mutation: You have hoof-like feet. [demonic
                  | ancestry]
  4978 | D:5      | Reached XP level 8. HP: 61/61 MP: 8/8
  5031 | D:5      | Noticed Blork the orc
  5033 | D:5      | Noticed Eustachio
  5046 | D:5      | Reached skill level 5 in Fighting
  5048 | D:5      | Killed Blork the orc
  5076 | D:5      | Killed Eustachio
  5077 | D:5      | Reached skill level 7 in Long Blades
  5174 | D:5      | You fall into a shaft and drop 2 floors!
  5197 | D:7      | Reached **** piety under Trog
  5348 | D:7      | Found a basalt altar of Yredelemnul.
  5359 | D:7      | Reached skill level 8 in Long Blades
  5640 | D:7      | Reached XP level 9. HP: 58/68 MP: 6/9
  6685 | D:6      | Reached skill level 9 in Long Blades
  7510 | D:8      | Reached skill level 5 in Armour
  7512 | D:8      | Reached ***** piety under Trog
  7805 | D:8      | Noticed a troll
  7815 | D:8      | Killed a troll
  7816 | D:8      | Reached XP level 10. HP: 43/77 MP: 6/10
  7991 | D:8      | Found a staircase to the Lair.
  8256 | D:8      | Found an ornate altar of the Wu Jian Council.
  8257 | D:8      | Found a shimmering altar of Xom.
  8257 | D:8      | Found a blossoming altar of Fedhas.
  8258 | D:8      | Found a stormy altar of Qazlal.
  8264 | D:8      | Noticed a two-headed ogre
  8274 | D:8      | HP: 3/115 [two-headed ogre/+0 giant club (19)]
  8275 | D:8      | Killed a two-headed ogre
  8276 | D:8      | Reached skill level 10 in Long Blades
  8690 | D:8      | Found a burning altar of Makhleb.
  9879 | D:9      | Identified the +6 quarterstaff "Xidateh" {drain, Dex+3}
 10091 | D:10     | Entered Level 10 of the Dungeon
 10361 | D:10     | Found a bloodstained altar of Trog.
 10573 | D:10     | Noticed a cyclops
 10582 | D:10     | Killed a cyclops
 10583 | D:10     | Reached skill level 11 in Long Blades
 10675 | D:10     | Found a broken altar of Ashenzari.
 10708 | D:10     | Reached XP level 11. HP: 77/83 MP: 8/11
 11762 | D:11     | Noticed a two-headed ogre
 11775 | D:11     | Killed a two-headed ogre
 12073 | D:11     | Noticed a two-headed ogre
 12079 | D:11     | Killed a two-headed ogre
 12080 | D:11     | Reached skill level 5 in Dodging
 12490 | D:12     | Received a gift from Trog
 12919 | D:12     | Reached skill level 12 in Long Blades
 12936 | D:12     | Found a staircase to the Orcish Mines.
 13425 | D:12     | Found an ornate altar of the Wu Jian Council.
 13611 | D:12     | Noticed a boulder beetle
 13614 | D:12     | Noticed a two-headed ogre
 13626 | D:12     | Killed a two-headed ogre
 13627 | D:12     | HP: 4/84 [boulder beetle (18)]
 14382 | D:12     | Killed a boulder beetle
 14513 | D:13     | Noticed a purple ugly thing
 14520 | D:13     | Killed a purple ugly thing
 14600 | D:13     | Noticed a purple ugly thing
 14604 | D:13     | Noticed a wizard
 14609 | D:13     | Killed a purple ugly thing
 14621 | D:13     | Killed a wizard
 14830 | D:13     | Noticed a red ugly thing
 14839 | D:13     | Killed a red ugly thing
 14840 | D:13     | Reached XP level 12. HP: 11/91 MP: 1/12
 15246 | D:13     | Reached skill level 13 in Long Blades
 15353 | D:13     | Found Kiurynell's Jewellery Shop.
 15361 | D:13     | Bought the ring "Xuukotwu" {Drain EV+4 Int+7 Dex-5} for 416
                  | gold pieces
 15392 | D:13     | Noticed a two-headed ogre
 15397 | D:13     | Killed a two-headed ogre
 15918 | D:14     | Noticed a tengu warrior
 15918 | D:14     | Noticed a tengu warrior
 15931 | D:14     | Killed a tengu warrior
 16268 | D:14     | Noticed a centaur warrior
 16269 | D:14     | Noticed a boulder beetle
 16280 | D:14     | HP: 4/92 [centaur warrior (3)]
 16281 | D:14     | Killed a centaur warrior
 16281 | D:14     | HP: 1/92 [boulder beetle (6)]
 16282 | D:14     | Gained mutation: You are dopey. (Int -2) [potion of
                  | mutation]
 16282 | D:14     | Gained mutation: You are very dopey. (Int -4) [potion of
                  | mutation]
 16282 | D:14     | Gained mutation: Your system is resistant to poisons.
                  | (rPois) [potion of mutation]
 16282 | D:14     | Slain by a boulder beetle

Illustrated notes

Levels and vault maps discovered:
D:1:      dpeg_arrival_short_road, layout_loops_cross,
          hellmonk_ecumenical_altar_crossroads, minmay_misc_feat_more_columns,
          minmay_splitting_lines, minivault_19
D:2:      layout_basic, minmay_misc_feat_rows
D:3:      layout_loops_ring, kennysheep_doodads, grunt_ministairs_1, uniq_robin
D:4:      layout_gridville
D:5:      layout_loops_ring, minmay_temple_entry_fiery, grunt_ministairs_12,
          sword_in_stone, uniq_blork_the_orc
D:6:      layout_basic, good_gods_mini_temple
D:7:      layout_cave_pools, nicolae_yredelemnul_corpse_copse
D:8:      layout_cave_pools, chequers_temple_overflow_statue_of_worship,
          old_standard_altar, erik_lair_island
D:9:      layout_irregular_city
D:10:     layout_stronghold, kennysheep_mini_moat, amcnicky_altar_gilded,
          serial_bayou_lagoon_a, minmay_sticks_and_stones
D:11:     layout_stronghold
D:12:     layout_cave_pods, hiddenorc2_lemuel, nzn_wu_jian_contemplation
D:13:     layout_grid_maze, serial_shops, nicolae_shop_crystal, eino_curves_03,
          minmay_statues_item
D:14:     layout_gridville, skrybe_vaults_entry_preservation,
          nrook_pool_corridor, serial_co_window_serial,
          co_window_of_opportunity_a, co_window_paths_a, co_window_paths_a,
          co_window_paths_a, co_window_of_opportunity_a, co_window_broadway_b,
          co_window_paths_c, co_window_cross_3, co_window_4corner_a,
          glass_columns_a, glass_columns_b, glass_columns_a, glass_columns_a

Skill      XL: |  1  2  3  4  5  6  7  8  9 10 11 12 |
---------------+-------------------------------------+-----
Long Blades    | 3 4 5 6 8 9 11 12 13 | 13.3
Dodging        | 2 3 4 5 |  5.3
Armour         | 2 3 5 8 9 |  9.7
Fighting       | 4 5 6 7 |  7.7
Stealth        | 1 2 3 4 |  4.0

Action                   |  1- 3 |  4- 6 |  7- 9 | 10-12 || total
-------------------------+-------+-------+-------+-------++-------
Melee: Falchion          |    75 |    89 |   251 |    73 ||   488
       Kick              |     9 |    31 |   100 |   114 ||   254
       Great sword       |       |       |       |   165 ||   165
       Triple sword      |       |       |       |    98 ||    98
Invok: Berserk           |     4 |     3 |     4 |     7 ||    18
       Trog's Hand       |       |       |       |     3 ||     3
  Use: Scroll            |       |       |     8 |     7 ||    15
       Potion            |       |       |       |     1 ||     1
 Stab: Sleeping          |     3 |     6 |     1 |       ||    10
Armor: Animal skin       |     4 |    16 |     1 |       ||    21
       Ring mail         |       |       |     5 |       ||     5
       Chain mail        |       |       |   170 |   237 ||   407
Dodge: Dodged            |    53 |    46 |   192 |   225 ||   516
       Rpst.: Falchion   |    15 |    19 |    48 |     9 ||    91
       Great sword       |       |       |       |    20 ||    20
       Triple sword      |       |       |       |    13 ||    13

Table legend: (Time is in decaauts)
 A = Elapsed time spent in this place.
 B = Non-inter-level travel time spent in this place.
 C = Inter-level travel time spent in this place.
 D = Time resting spent in this place.
 E = Time spent auto-exploring this place.
 F = Levels seen in this place.
 G = Mean time per level.
                   A        B        C        D        E       F      G
               +--------+--------+--------+--------+--------+-----+--------+
         Total |  16483 |  15405 |   1078 |      0 |  13618 |  14 | 1177.4 |
       Dungeon |  16483 |  15405 |   1078 |      0 |  13618 |  14 | 1177.4 |
               +--------+--------+--------+--------+--------+-----+--------+

Top non-repeatable levels by time:
    D:12: 2065 daAuts
     D:8: 1639 daAuts
     D:5: 1414 daAuts
    D:13: 1326 daAuts
     D:1: 1306 daAuts
     D:9: 1223 daAuts
     D:7: 1207 daAuts
    D:11: 1177 daAuts
     D:2: 1073 daAuts
    D:10: 1068 daAuts
     D:3: 1020 daAuts
     D:4: 770 daAuts
     D:6: 709 daAuts
    D:14: 483 daAuts
